 Dungeon Crawl Stone Soup version 0.21.1-1-g345015fe64 (webtiles) character file.

1185 Oravi the Transmogrifier (level 8, 0/56 HPs)
             Began as a Merfolk Transmuter on Apr 10, 2018.
             Succumbed to a scorpion's poison
             ... on level 5 of the Dungeon.
             The game lasted 00:23:14 (6483 turns).

Oravi the Transmogrifier (Merfolk Transmuter)       Turns: 6483, Time: 00:23:15

Health: 0/56       AC:  4    Str: 16    XL:     8   Next: 42%
Magic:  10/11      EV: 20    Int: 14    God:
Gold:   207        SH:  0    Dex: 19    Spells: 5/11 levels left

rFire    . . .     SeeInvis +     - Unarmed
rCold    . . .     Gourm    .   (no shield)
rNeg     . . .     Faith    .   m - +2 robe {Archmagi}
rPois    .         Spirit   .   (no helmet)
rElec    .         Reflect  .   (no cloak)
rCorr    .         Harm     .   (no gloves)
MR       .....                  (no boots)
Stlth    +++.......             k - amulet of regeneration
HPRegen  0.18/turn              l - ring of see invisible
MPRegen  0.12/turn              (no ring)

@: mighty, agile, lethally poisoned (0 -> -27)
A: change form in water, swift swim, stealthy swim
a: no special abilities


You were on level 5 of the Dungeon.
You were completely stuffed.

You visited 1 branch of the dungeon, and saw 5 of its levels.

You collected 207 gold pieces.

Inventory:

Missiles
 a - 54 arrows
Armour
 b - a +0 robe
 e - a +0 pair of gloves
 m - a +2 robe of the Archmagi (worn)
Jewellery
 f - an uncursed amulet of the gourmand
 k - an amulet of regeneration (around neck)
 l - a ring of see invisible (left hand)
 n - a cursed amulet of regeneration
Wands
 s - a wand of random effects (51)
Scrolls
 g - 2 scrolls of fog
 j - a scroll of identify
 o - a scroll of magic mapping
 q - 2 scrolls of teleportation
Potions
 t - a potion of flight
Books
 c - a book of Changes

   Spells                             Type                      Level
   a - Beastly Appendage              Transmutation                1
   b - Sticks to Snakes               Transmutation                2
   c - Spider Form                    Transmutation/Poison         3
   d - Ice Form                       Ice/Transmutation            4
   e - Blade Hands                    Transmutation                5
Comestibles
 d - 6 rations


   Skills:
 + Level 1.8 Fighting
 + Level 4.4 Dodging
 + Level 7.4 Unarmed Combat
 - Level 2.0 Spellcasting
 * Level 8.2 Transmutations
 * Level 3.7 Poison Magic


You had 5 spell levels left.
You knew the following spells:

 Your Spells              Type           Power        Failure   Level  Hunger
a - Beastly Appendage     Tmut           #####.       1%          1    ##.....
b - Sticks to Snakes      Tmut           #####...     1%          2    ###....
c - Spider Form           Tmut/Pois      ####......   6%          3    ####...


Dungeon Overview and Level Annotations

Branches:
Dungeon (5/15)
 Temple: D:4-7

Altars:
Makhleb
Trog

Annotations:
D:4 YetiFiasco's ghost, amateur MiBe


Message History

You butcher the scorpion corpse.
* * * LOW HITPOINT WARNING * * *
You feel very sick.
You see here an inedible chunk of flesh.
* * * LOW HITPOINT WARNING * * *
You feel very sick.
Okay, then.
Okay, then.
Your magical effects are unravelling.
You feel magically purged.
Your transformation has ended.
Your +2 robe of the Archmagi unmelds from your body.
You feel powerful.
* * * LOW HITPOINT WARNING * * *
You feel very sick.
You feel very mighty all of a sudden.
* * * LOW HITPOINT WARNING * * *
You feel very sick.
You feel agile all of a sudden.
You die...

.### ##......#.....
.........###.............
..... ...............>...
.....# #........#####...
......# ###....### #...
....... #...### ##...
.......###...########....
#......#...#..........#.
#....%@....#...##...#..
##..........#..##..#..#
##..####....#....#....
#.. ##....#..#..... ##..
##.# #.##..##..##.. #.
..## #.. #.##..##..##.. .
...######.#
#....#..#..... .
.........# #...#....#....
## #........#
#..#..##..#..#


There were no monsters in sight!

Vanquished Creatures
  Sigmund (D:4)
  Duvessa (D:4)
  A phantom (D:5)
  A centaur (D:5)
  2 scorpions
  Dowan (D:4)
  3 crimson imps (D:5)
  2 orc priests (D:3)
  A centaur skeleton (D:4)
  A hound (D:4)
  3 worker ants (D:4)
  An iguana (D:4)
  4 orc wizards
  9 adders
  A shadow imp (D:5)
  An adder skeleton (D:5)
  5 worms
  A dart slug (D:2)
  3 leopard geckos
  17 orcs
  A ball python (D:5)
  6 giant cockroaches
  7 goblins
  6 hobgoblins
  4 jackals
  2 quokkas (D:3)
  4 bats
  6 frilled lizards
  3 kobolds
  4 rats
102 creatures vanquished.

Notes
Turn   | Place    | Note
-------+----------+-------------------------------------------
     0 | D:1      | Oravi the Merfolk Transmuter began the quest for the Orb.
     0 | D:1      | Reached XP level 1. HP: 15/15 MP: 3/3
   661 | D:1      | Reached skill level 3 in Transmutations
   860 | D:2      | Reached XP level 2. HP: 20/21 MP: 3/5
  1106 | D:2      | Reached XP level 3. HP: 16/26 MP: 4/6
  1143 | D:2      | HP: 1/26 [goblin/stone (2)]
  1459 | D:1      | Learned a level 2 spell: Sticks to Snakes
  1463 | D:1      | Learned a level 3 spell: Spider Form
  1610 | D:2      | Reached skill level 4 in Transmutations
  1610 | D:2      | Reached XP level 4. HP: 15/32 MP: 3/7
  2590 | D:3      | Reached XP level 5. HP: 37/37 MP: 4/8
  2591 | D:3      | Reached skill level 5 in Transmutations
  2601 | D:3      | Reached skill level 1 in Poison Magic
  3094 | D:3      | Reached skill level 5 in Unarmed Combat
  3445 | D:3      | Found a burning altar of Makhleb.
  3476 | D:4      | Reached XP level 6. HP: 43/43 MP: 5/9
  3540 | D:4      | Noticed YetiFiasco's ghost (amateur MiBe)
  4380 | D:4      | Noticed Dowan
  4388 | D:4      | Killed Dowan
  4388 | D:4      | Reached skill level 6 in Transmutations
  4388 | D:4      | Reached XP level 7. HP: 44/48 MP: 6/10
  4393 | D:4      | Noticed Duvessa
  4407 | D:4      | Killed Duvessa
  5173 | D:4      | Noticed Sigmund
  5181 | D:4      | Killed Sigmund
  5181 | D:4      | Reached skill level 7 in Transmutations
  5612 | D:5      | Entered Level 5 of the Dungeon
  5643 | D:5      | Reached XP level 8. HP: 55/55 MP: 7/11
  6410 | D:5      | Found a bloodstained altar of Trog.
  6473 | D:5      | Reached skill level 8 in Transmutations
  6482 | D:5      | HP: 2/56 [poisoned by a scorpion]
  6483 | D:5      | Succumbed to a scorpion's poison

Skill      XL: |  1  2  3  4  5  6  7  8 |
---------------+-------------------------+-----
Transmutations | 3 4 5 6 7 8 |  8.2
Unarmed Combat | 4 5 6 7 |  7.4
Dodging        | 3 4 |  4.4
Poison Magic   | 1 2 3 |  3.7
Fighting       | |  1.8
Spellcasting   | |  2.0

Action                   |  1- 3 |  4- 6 |  7- 9 || total
-------------------------+-------+-------+-------++-------
Melee: Unarmed           |    60 |   172 |   126 ||   358
       Headbutt          |    11 |     6 |       ||    17
       Punch             |     1 |       |       ||     1
 Cast: Beastly Appendage |    14 |     6 |       ||    20
       Spider Form       |     1 |    24 |    16 ||    41
       Sticks to Snakes  |       |     6 |     3 ||     9
  Use: Scroll            |     3 |     8 |     2 ||    13
       Potion            |     1 |     3 |     4 ||     8
 Stab: Distracted        |       |     1 |       ||     1
       Sleeping          |       |     1 |       ||     1
  Eat: Chunk             |    10 |    18 |     9 ||    37
Armor: Robe              |     6 |     4 |     3 ||    13
       Skin              |       |    10 |     3 ||    13
Dodge: Dodged            |    41 |   112 |   118 ||   271
